 Dungeon Crawl Stone Soup version 0.29-a0-563-g64e4043 (webtiles) character file.

Game seed: 13028807599992106101

1051 Dawnplanks the Quickloader (level 8, -1/60 (68) HPs)
             Began as a Minotaur Hunter on June 11, 2022.
             Slain by a wight
             ... wielding a +1 vorpal falchion
              (8 damage)
             ... on level 4 of the Dungeon.
             The game lasted 00:10:37 (2837 turns).

Dawnplanks the Quickloader (Minotaur Hunter)        Turns: 2837, Time: 00:10:38

HP:   -1/60 (68)    AC: 11    Str: 22    XL:     8   Next: 5%
MP:   7/7           EV: 13    Int:  6    God:
Gold: 283           SH:  0    Dex: 19    Spells: 7/7 levels left

rFire   + + +      SeeInvis .   y - +0 whip (venom)
rCold   . . .      Faith    .   (no shield)
rNeg    . . .      Spirit   .   n - +3 leather armour of the Vanishing Planets {-Tele rPois rF+++ Dex+3}
rPois   +          Reflect  .   (helmet restricted)
rElec   .          Harm     .   (no cloak)
rCorr   .          Rampage  .   (no gloves)
Will    .....      NoTele   +   g - +0 pair of boots
Stlth   ++........              (no amulet)
HPRegen 0.20/turn               A - +4 ring of protection
MPRegen 0.10/turn               w - +6 ring of strength

@: heavily drained
A: horns 2, retaliatory headbutt
a: no special abilities


You were on level 4 of the Dungeon.
You visited 1 branch of the dungeon, and saw 5 of its levels.
You also visited: Sewer.

You collected 283 gold pieces.

Inventory:

Hand Weapons
 a - a +1 hand crossbow
 h - a +0 dagger of flaming
 y - a +0 whip of venom (weapon)
Missiles
 z - 2 throwing nets
Armour
 b - a +0 leather armour
 g - a +0 pair of boots (worn)
 n - the +3 leather armour of the Vanishing Planets (worn) {-Tele rPois rF+++ Dex+3}
   (You found it on level 3 of the Dungeon)

   Dex:       It affects your dexterity (+3).
   rF:        It renders you almost immune to fire.
   rPois:     It protects you from poison.
   -Tele:     It prevents most forms of teleportation.
Jewellery
 d - a ring of poison resistance
 q - a ring of ice
 w - a +6 ring of strength (right hand)
 A - a +4 ring of protection (left hand)
 B - the ring of Rokh {rElec rPois Will+}
   (You found it on level 4 of the Dungeon)

   [ring of poison resistance]

   rElec:     It insulates you from electricity.
   rPois:     It protects you from poison.
   Will:      It increases your willpower.
Wands
 x - a wand of mindburst (4)
Scrolls
 c - 3 scrolls of immolation
 f - a scroll of enchant weapon {unknown}
 i - a scroll of magic mapping {unknown}
 o - a scroll of blinking {unknown}
 t - a scroll of torment {unknown}
 u - a scroll of teleportation {unknown}
 v - 4 scrolls of identify {unknown}
 C - 3 scrolls of vulnerability {unknown}
Potions
 e - 2 potions of mutation {unknown}
 j - a potion of heal wounds {unknown}
 k - 3 potions of might {unknown}
 l - a potion of haste {unknown}
 m - 2 potions of cancellation {unknown}
 p - a potion of curing
 r - a potion of degeneration {unknown}
 s - a potion of lignification {unknown}


   Skills:
 + Level 5.3 Fighting
 + Level 2.3 Maces & Flails
 + Level 9.3 Crossbows
 + Level 2.3 Armour
 + Level 3.4 Dodging
 - Level 0.7 Stealth


You had 7 spell levels left.
You didn't know any spells.
Your spell library contained the following spells:

 Spells                   Type           Power      Damage    Failure   Level
 Blink                    Tloc           0%         N/A       65%         2
 Leda's Liquefaction      Hex/Erth       0%         N/A       99%         4
 Lee's Rapid Deconstruct  Erth           0%         3d5*      100%        5
 Manifold Assault         Tloc           0%         N/A       100%        5
 Statue Form              Tmut/Erth      0%         N/A       100%        6
 Storm Form               Tmut/Air       0%         N/A       100%        7


Dungeon Overview and Level Annotations

Branches:
Dungeon (5/15)              Sewer (visited)
 Temple: D:4-7

Altars:
Nemelex Xobeh
Xom

Annotations:
D:4 2 runed translucent doors


Innate Abilities, Weirdness & Mutations

You have a pair of horns on your head.
You reflexively headbutt those who attack you in melee.


Message History

The wight is almost destroyed.
The wight barely misses you.
You hit the wight but do no damage.
The wight is almost destroyed.
The wight hits you but does no damage.
You barely miss the wight.
The wight is almost destroyed.
The wight barely misses you. You furiously retaliate!
You headbutt the wight.
You destroy the wight!
The wight hits you with a +0 halberd!
You feel drained.
Items here: )) [[.
You barely miss the wight. The wight hits you but does no damage.
You hit the wight.
The wight is lightly damaged.
You hit the wight.
The wight is lightly damaged.
The wight hits you with a +0 halberd!
You feel drained.
The wight hits you with a +1 vorpal falchion.
* * * LOW HITPOINT WARNING * * *
You feel drained.
* * * LOW HITPOINT WARNING * * *
The wight attacks as you move away! The wight closely misses you.
You furiously retaliate!
You headbutt the wight. The wight attacks as you move away!
The wight hits you with a +0 halberd.
* * * LOW HITPOINT WARNING * * *
The wight barely misses you. The wight attacks as you move away!
The wight hits you but does no damage. The wight attacks as you move away!
The wight hits you with a +1 vorpal falchion.
* * * LOW HITPOINT WARNING * * *
x2 The wight attacks as you move away!
The wight hits you but does no damage.
There is a stone staircase leading up here.
The wight misses you.
You climb upwards.
Level annotation: 2 runed translucent doors
There is a stone staircase leading down here.
You hit the wight.
The wight is heavily damaged.
The wight hits you with a +1 vorpal falchion!
You die...

.............##.......##...#
............###.......##..##
...........................###
............###..............###
...........####..............#.##
...#.......#....................#
..##...##.....##...........<....#
.....####...#.#...#.##.###......#
.#...##...###...@.#.######......#
#.....)..#..#..z.##...###....####
#.[#.#.................#.....#...
..##.##........#.....#...........
#..........##..#.....##.........#
#..###.....##........##..........
...###......##........#.........>
....###..................#.......
.....##..............##..#.......


You could see a wight.

Vanquished Creatures
  Sigmund (D:4)
  A water moccasin (D:4)
  An ogre (D:4)
  A kobold brigand (D:4)
  Blork the orc (D:4)
  A scorpion (D:4)
  2 wights (D:5)
  2 jellies (Sewer)
  3 hounds
  2 iguanas (D:4)
  An orc wizard (D:4)
  7 adders
  2 ufetubi (D:4)
  3 worms
  2 dart slugs (D:4)
  4 orcs
  14 endoplasms
  6 giant cockroaches
  9 goblins
  11 hobgoblins
  7 jackals
  5 kobolds
  6 quokkas
  11 ball pythons
  2 bats (D:1)
  10 frilled lizards
  11 rats
126 creatures vanquished.

Notes
Turn   | Place    | Note
-------+----------+-------------------------------------------
     0 | D:1      | Dawnplanks the Minotaur Hunter began the quest for the Orb.
     0 | D:1      | Reached XP level 1. HP: 18/18 MP: 0/0
    54 | D:1      | Found a faded altar of an unknown god.
    64 | D:1      | Reached XP level 2. HP: 25/25 MP: 1/1
   216 | D:1      | Reached skill level 5 in Crossbows
   439 | D:1      | Reached XP level 3. HP: 30/30 MP: 2/2
  1173 | D:2      | Reached XP level 4. HP: 37/37 MP: 3/3
  1204 | D:3      | Found a glowing drain.
  1229 | Sewer    | Entered a sewer
  1257 | Sewer    | Reached skill level 6 in Crossbows
  1484 | Sewer    | Reached skill level 1 in Armour
  1484 | Sewer    | Reached XP level 5. HP: 45/45 MP: 4/4
  1495 | Sewer    | Found a viscous altar of Jiyva.
  1615 | D:3      | Identified the +3 leather armour of the Vanishing Planets
                  | {-Tele rPois rF+++ Dex+3}
  1645 | D:3      | Found a sparkling altar of Nemelex Xobeh.
  1679 | D:3      | Found a hide-covered altar of Uskayaw.
  1681 | D:3      | Found a blossoming altar of Fedhas.
  1681 | D:3      | Found a snail-covered altar of Cheibriados.
  1683 | D:3      | Found a stormy altar of Qazlal.
  1683 | D:3      | Found a shadowy altar of Dithmenos.
  1683 | D:3      | Found a shimmering altar of Xom.
  1831 | D:3      | Reached skill level 7 in Crossbows
  2117 | D:4      | Reached XP level 6. HP: 52/52 MP: 5/5
  2268 | D:4      | Found a large runed translucent door.
  2268 | D:4      | Found a large runed translucent door.
  2310 | D:4      | Found a large runed translucent door.
  2310 | D:4      | Found a large runed translucent door.
  2317 | D:4      | Noticed a water moccasin
  2340 | D:4      | Killed a water moccasin
  2478 | D:4      | Reached skill level 8 in Crossbows
  2483 | D:4      | Reached XP level 7. HP: 60/60 MP: 6/6
  2539 | D:4      | Noticed Blork the orc
  2548 | D:4      | Killed Blork the orc
  2549 | D:4      | Reached skill level 1 in Maces & Flails
  2552 | D:4      | Noticed Sigmund
  2559 | D:4      | Killed Sigmund
  2567 | D:4      | Reached skill level 5 in Fighting
  2567 | D:4      | Reached skill level 9 in Crossbows
  2688 | D:4      | Identified the ring of Rokh {rElec rPois Will+}
  2779 | D:5      | Entered Level 5 of the Dungeon
  2811 | D:5      | Reached XP level 8. HP: 44/64 MP: 7/7
  2837 | D:4      | Slain by a wight

Illustrated notes

Levels and vault maps discovered:
D:1:      sevenhm_arrival_forest_fort_small_4, layout_loops_ring,
          hellmonk_ecumenical_altar_blasted, hex_medium
D:2:      layout_basic
D:3:      layout_basic, mainiacjoe_overflow_boulevard, doesnt_xom_only_xom,
          gup_sewer_entry_glass, hangedman_decor_growths
D:4:      layout_cave_pools, minmay_hollow_rounded_squares, uniq_blork_the_orc,
          uniq_sigmund
D:5:      layout_gridville, mainiacjoe_overflow_chevrons, uniq_edmund

Skill      XL: |  1  2  3  4  5  6  7 |
---------------+----------------------+-----
Crossbows      | 5 6 7 8 9 |  9.3
Fighting       | 3 4 5 |  5.3
Armour         | 1 2 |  2.3
Maces & Flails | 2 |  2.3
Dodging        | 3 |  3.4
Stealth        | |  0.7

Action                   |  1- 3 |  4- 6 |  7- 9 || total
-------------------------+-------+-------+-------++-------
Melee: Whip              |       |    11 |    37 ||    48
       Headbutt          |       |     4 |     6 ||    10
       Mace              |       |     4 |       ||     4
       Punch             |       |     1 |       ||     1
 Fire: Hand crossbow     |   106 |   134 |    23 ||   263
 Stab: Sleeping          |       |     1 |     1 ||     2
Armor: Leather armour    |    12 |    14 |    23 ||    49
Dodge: Dodged            |    22 |    38 |    24 ||    84

Table legend: (Time is in decaauts)
 A = Elapsed time spent in this place.
 B = Non-inter-level travel time spent in this place.
 C = Inter-level travel time spent in this place.
 D = Time resting spent in this place.
 E = Time spent auto-exploring this place.
 F = Levels seen in this place.
 G = Mean time per level.
                   A        B        C        D        E       F      G
               +--------+--------+--------+--------+--------+-----+--------+
         Total |   2923 |   2783 |    140 |      0 |   2118 |   6 |  487.2 |
       Dungeon |   2560 |   2420 |    140 |      0 |   1859 |   5 |  512.0 |
         Sewer |    363 |    363 |      0 |      0 |    258 |   1 |  363.0 |
               +--------+--------+--------+--------+--------+-----+--------+

Top non-repeatable levels by time:
     D:1: 818 daAuts
     D:4: 720 daAuts
     D:3: 546 daAuts
     D:2: 419 daAuts
   Sewer: 363 daAuts
     D:5: 55 daAuts
